 Dungeon Crawl Stone Soup version 0.26.1-2-gb8aa6d0cf2 (webtiles) character file.

Game seed: 8476272165299320230

715 pascalblue the Digger (level 7, -1/36 HPs)
             Began as a Deep Elf Earth Elementalist on Mar 18, 2021.
             Slain by an elf zombie (4 damage)
             ... in an ossuary on Mar 19, 2021.
             The game lasted 00:14:59 (4323 turns).

pascalblue the Digger (Deep Elf Earth Elementalist) Turns: 4323, Time: 00:15:01

Health: -1/36      AC:  4    Str:  5    XL:     7   Next: 41%
Magic:  0/17       EV: 13    Int: 22    God:
Gold:   143        SH:  0    Dex: 15    Spells: 2/17 levels left

rFire    . . .     SeeInvis .   h - +0 dagger
rCold    + . .     Faith    .   (no shield)
rNeg     . . .     Spirit   .   c - +0 robe
rPois    .         Reflect  .   w - +0 helmet
rElec    .         Harm     .   (no cloak)
rCorr    .         Rampage  .   (no gloves)
Will     .....                  y - +0 pair of boots
Stlth    ++........             (no amulet)
HPRegen  0.12/turn              q - ring of protection from cold
MPRegen  0.15/turn              g - ring of flight

@: no status effects
A: no striking features
a: Evoke Flight


You were in an ossuary.
You visited 1 branch of the dungeon, and saw 4 of its levels.
You also visited: Ossuary.

You collected 143 gold pieces.

Inventory:

Hand Weapons
 h - a +0 dagger (weapon)
 l - a cursed -1 dagger
Missiles
 b - 3 stones
 d - 7 boomerangs
 f - 70 sling bullets
 p - 30 poisoned darts
 s - 49 bolts
Armour
 c - a +0 robe (worn)
 w - a +0 helmet (worn)
 y - a +0 pair of boots (worn)
Jewellery
 g - a ring of flight (right hand)
 q - a ring of protection from cold (left hand)
 x - an uncursed ring of protection from cold
Scrolls
 e - a scroll of amnesia
Potions
 j - 2 potions of mutation
 k - 2 potions of attraction
 m - a potion of cancellation {unknown}
 o - 2 potions of haste
 r - 3 potions of degeneration {unknown}
 u - 2 potions of curing


   Skills:
 - Level 3.0 Dodging
 - Level 3.0 Stealth
 * Level 5.9 Spellcasting
 + Level 1.1 Conjurations
 + Level 4.1 Transmutations
 + Level 1.1 Air Magic
 * Level 6.6 Earth Magic
 + Level 1.2 Poison Magic


You had 2 spell levels left.
You knew the following spells:

 Your Spells              Type           Power        Failure   Level
a - Sandblast             Erth           70%          1%          1
b - Stone Arrow           Conj/Erth      46%          5%          3
c - Lee's Rapid Deconstr  Erth           17%          17%         5
d - Blink                 Tloc           N/A          14%         2
e - Mephitic Cloud        Conj/Pois/Air  11%          17%         3
f - Magic Dart            Conj           44%          6%          1

Your spell library contained the following spells:

 Spells                   Type           Power        Failure   Level
 Passwall                 Tmut/Erth      25%          1%          2
 Call Imp                 Summ           6%           14%         2
 Slow                     Hex            6%           14%         2
 Petrify                  Tmut/Erth      30%          10%         4
 Conjure Flame            Conj/Fire      9%           22%         3


Dungeon Overview and Level Annotations

Branches:
Dungeon (4/15)            Ossuary (1/1)
 Temple: D:4-7

Altars:


Message History

The elf zombie hits you.
* * * LOW HITPOINT WARNING * * *
Casting: Sandblast (safe; 1% risk of failure)
Confirm with . or Enter, or press ? or * to list all spells.
Aiming: Sandblast (safe; 1% risk of failure)
Press: ? - help, Shift-Dir - straight line, f/p - elf zombie
Aim: an elf zombie (lightly damaged, 18% to evade)
The blast of sand hits the elf zombie!
The elf zombie is moderately damaged.
The elf zombie hits you.
* * * LOW HITPOINT WARNING * * *
Casting: Sandblast (safe; 1% risk of failure)
Confirm with . or Enter, or press ? or * to list all spells.
Aiming: Sandblast (safe; 1% risk of failure)
Press: ? - help, Shift-Dir - straight line, f/p - elf zombie
Aim: an elf zombie (moderately damaged, 18% to evade)
The blast of sand hits the elf zombie!
The elf zombie is heavily damaged.
The elf zombie hits you.
You die...

################
#$$#...........
#$@#Z......... .
###ZZ........#####.
#.Z................
#..................
#.....##...........
#.....##...........
#..................
#..........Z.......
#..#...............


You could see a jackal zombie, a goblin zombie, a hobgoblin zombie and an elf
zombie.

Vanquished Creatures
  A phantom (D:4)
  An ogre (D:4)
  A centaur (D:3)
  An elf zombie (Ossuary)
  A scorpion (D:4)
  A hound (D:4)
  A bullfrog skeleton (D:4)
  An iguana (D:2)
  Terence (D:3)
  An orc wizard (D:3)
  3 hound zombies (Ossuary)
  A mummy (Ossuary)
  6 adders
  2 oozes
  2 worms
  4 dart slugs
  3 leopard geckos
  4 orcs (D:3)
  2 ball pythons
  A giant cockroach (D:1)
  5 goblins
  6 hobgoblins
  7 jackals
  7 kobolds
  3 quokkas
  14 bats
  5 frilled lizards
  A hobgoblin zombie (Ossuary)
  A leopard gecko skeleton (D:4)
  10 rats
  A rat zombie (Ossuary)
98 creatures vanquished.

Notes
Turn   | Place    | Note
-------+----------+-------------------------------------------
     0 | D:1      | pascalblue the Deep Elf Earth Elementalist began the quest
                  | for the Orb.
     0 | D:1      | Reached XP level 1. HP: 10/10 MP: 6/6
    87 | D:1      | Reached XP level 2. HP: 15/15 MP: 4/8
  1256 | D:2      | Reached XP level 3. HP: 19/19 MP: 4/9
  1361 | D:2      | Reached skill level 4 in Earth Magic
  1928 | D:2      | Reached XP level 4. HP: 17/24 MP: 4/11
  2397 | D:3      | Noticed Terence
  2407 | D:3      | Killed Terence
  2408 | D:3      | Reached XP level 5. HP: 17/28 MP: 6/13
  3065 | D:3      | Noticed a centaur
  3070 | D:3      | Killed a centaur
  3071 | D:3      | Reached skill level 5 in Earth Magic
  3207 | D:3      | Reached XP level 6. HP: 32/32 MP: 9/15
  3725 | D:4      | Reached skill level 5 in Spellcasting
  4008 | D:4      | Reached skill level 6 in Earth Magic
  4019 | D:4      | Learned a level 3 spell: Stone Arrow
  4025 | D:4      | Learned a level 5 spell: Lee's Rapid Deconstruction
  4028 | D:4      | Learned a level 2 spell: Blink
  4032 | D:4      | Learned a level 3 spell: Mephitic Cloud
  4173 | D:4      | Learned a level 1 spell: Magic Dart
  4184 | D:4      | Reached XP level 7. HP: 36/36 MP: 12/17
  4272 | D:4      | Found a sand-covered staircase.
  4281 | Ossuary  | Entered an ossuary
  4309 | Ossuary  | Reached skill level 1 in Air Magic
  4317 | Ossuary  | Reached skill level 1 in Conjurations
  4317 | Ossuary  | Reached skill level 1 in Poison Magic
  4323 | Ossuary  | Slain by an elf zombie

Illustrated notes

Levels and vault maps discovered:
D:1:      erik_arrival_blinker_ship, layout_basic, roderic_lattice_a,
          minmay_tetromino_t4
D:2:      layout_rooms, kennysheep_minor_cross
D:3:      layout_loops_ring, uniq_terence
D:4:      layout_gridville, enter_ossuary_3
Ossuary:  ossuary_minmay_tomb_2a

Skill      XL: |  1  2  3  4  5  6  7 |
---------------+----------------------+-----
Earth Magic    | 4 5 6 |  6.6
Dodging        | 3 |  3.0
Stealth        | 3 |  3.0
Transmutations | 2 3 4 |  4.1
Spellcasting   | 4 5 |  5.9
Air Magic      | 1 |  1.1
Conjurations   | 1 |  1.1
Poison Magic   | 1 |  1.2

Action                   |  1- 3 |  4- 6 |  7- 9 || total
-------------------------+-------+-------+-------++-------
Melee: Dagger            |    17 |    35 |     1 ||    53
       Unarmed           |     2 |       |       ||     2
 Cast: Sandblast         |    56 |    67 |    26 ||   149
       Magic Dart        |       |     2 |       ||     2
  Use: Scroll            |       |    10 |     2 ||    12
       Potion            |       |       |     1 ||     1
 Stab: Sleeping          |     7 |     8 |       ||    15
Armor: Robe              |     9 |    12 |    12 ||    33
Dodge: Dodged            |    41 |    56 |    19 ||   116
